Map: Automaton LE

Players

firefly

  • Race: Protoss Protoss
  • League: Gold
  • Spawn Location: 3:00

puCK (Nina) - Winner!

  • Race: Protoss Protoss
  • League: Grandmaster
  • Spawn Location: 9:00

Event: 2019 WCS Winter Americas

VOD

Have the link to the VOD?

Description

Time

  • Played on: Feb. 10, 2019, 12:53 p.m.
  • Length: 7:54

All games in this series

Show
View Real Time Build Order
Export as new Build Order

firefly Protoss 

Build Orders:  

Get SALT Encoding   

  12  0:00  Probe  
  13  0:12  Probe  
  14  0:18  Pylon  
  14  0:24  Probe  
  15  0:32  Probe  
  15  0:40  Probe, Gateway  
  16  0:48  Assimilator  
  17  0:51  Probe  
  17  0:56  Assimilator  
  18  1:03  Probe  
  19  1:09  Gateway  
  19  1:15  Probe  
  20  1:27  Probe  
  20  1:28  Cybernetics Core  
  21  1:39  Probe  
  22  1:40  Pylon  
  22  1:52  Probe  
  23  1:55  Warp Gate  
  23  2:05  Stalker, Sentry  
  23  2:08  Pylon  
  27  2:31  Robotics Facility  
  26  2:44  Stalker, Gateway  
  26  2:49  Stalker  
  30  2:58  Pylon  
  30  3:11  Immortal  
  34  3:44  Stalker x3  
  34  3:48  Warp Prism  
  42  4:06  Pylon  
  42  4:11  Sentry  
  42  4:12  Sentry  
  46  4:25  Stalker  
  46  4:30  Immortal  
  52  4:54  Stalker  
  54  5:06  Probe  
  55  5:07  Pylon  
  55  5:25  Observer  
  54  5:47  Immortal  
  54  5:49  Sentry  
  60  5:52  Zealot  
  62  6:05  Twilight Council  
  62  6:08  Nexus  
  60  6:34  Observer  
  60  6:36  Probe  
  58  6:52  Immortal  
  30  7:08  Stalker x2  
  34  7:10  Stalker  
  36  7:27  Shield Battery  
  36  7:28  Shield Battery x2  
  36  7:36  Stalker  
  38  7:41  Stalker  
  37  7:48  Stalker  
Show
View Real Time Build Order
Export as new Build Order

puCK Protoss - Winner!

Build Orders: Phoenix Opening, Blink Stalkers 

Get SALT Encoding   

  12  0:00  Probe  
  13  0:12  Probe  
  14  0:17  Pylon  
  14  0:24  Probe  
  15  0:32  Probe  
  15  0:39  Gateway  
  15  0:40  Probe  
  17  0:51  Assimilator, Probe  
  17  0:56  Assimilator  
  18  1:00  Probe  
  19  1:08  Probe  
  19  1:09  Pylon  
  20  1:19  Gateway  
  20  1:20  Probe  
  21  1:27  Cybernetics Core  
  21  1:32  Probe  
  22  1:37  Pylon  
  22  1:44  Probe  
  23  1:56  Probe  
  24  2:06  Stalker  
  24  2:07  Warp Gate, Sentry  
  28  2:08  Probe  
  29  2:19  Pylon  
  29  2:34  Stalker  
  31  2:37  Stalker  
  33  2:47  Phoenix  
  33  2:48  Twilight Council  
  33  3:04  Stalker  
  35  3:07  Stalker  
  37  3:16  Probe  
  37  3:18  Gateway  
  38  3:27  Pylon, Blink  
  38  3:48  Shield Battery  
  38  3:58  Stalker x2, Robotics Facility  
  42  4:07  Pylon  
  42  4:14  Probe  
  43  4:18  Stalker  
  45  4:28  Stalker x2  
  48  4:32  Pylon  
  48  4:44  Sentry  
  50  4:52  Pylon, Shield Battery  
  50  5:03  Sentry  
  50  5:05  Pylon  
  52  5:09  Gateway  
  52  5:11  Immortal  
  52  5:39  Stalker  
  54  5:42  Immortal  
  56  6:07  Zealot x2  
  60  6:21  Immortal  
  60  6:24  Gateway  
  64  6:36  Zealot  
  64  6:48  Zealot  
  55  7:05  Probe  
  56  7:12  Observer  
  56  7:18  Adept  
  56  7:21  Pylon  
  59  7:24  Pylon  
Tags
 
Add a new tag
Caveats
  • Supply blocks, unpowered buildings, or Contaminate may cause inaccurate times.
  • Supply counts are checked every 10 seconds.